 Dungeon Crawl Stone Soup version 0.32-a0-630-g46d191b0ed (webtiles) character file.

Game seed: 3069406408611097349

86 Shayle the Apothecary (level 4, 0/30 HPs)
             Began as a Coglin Alchemist on Mar 6, 2024.
             Succumbed to an adder's poison
             ... on level 2 of the Dungeon.
             The game lasted 00:06:03 (1751 turns).

Shayle the Apothecary (Coglin Alchemist)            Turns: 1751, Time: 00:06:04

Health: 0/30       AC:  4    Str:  8 (9)  XL:     4   Next: 50%
Magic:  2/7        EV: 11    Int: 16      God:
Gold:   153        SH:  0    Dex: 11 (14) Spells: 6/7 levels left

rFire   . . .        f - +0 war axe {Kyoko}
rCold   . . .        c - +0 dagger {Fuyuko}
rNeg    . . .        g - +0 leather armour
rPois   .            (no helmet)
rElec   .            l - +0 cloak
rCorr   .            (no gloves)
SInv    .            (no boots)
Will    .....        (amulet unavailable)
Stlth   +            (ring unavailable)
HPRegen 0.25/turn    (ring unavailable)
MPRegen 0.10/turn    (no gizmo)

%: no passive effects
@: lethally poisoned (0 -> -1), very slightly contaminated, revving
A: off-hand wielding, slow wielding, warmup strikes, no jewellery
a: Invent Gizmo


You were on level 2 of the Dungeon.
You visited 1 branch of the dungeon, and saw 2 of its levels.

You collected 153 gold pieces.

Inventory:

Hand Weapons
 b - a +0 whip {Dongyul}
 c - a +0 dagger (offhand) {Fuyuko}
 f - a +0 war axe (weapon) {Kyoko}
Armour
 a - a +0 robe
 g - a +0 leather armour (worn)
 l - a +0 cloak (worn)
Talismans
 n - a storm talisman
Scrolls
 d - 7 scrolls of identify
 e - a scroll of fear {unknown}
 h - a scroll of poison
 i - a scroll of amnesia {unknown}
 j - a scroll of brand weapon {unknown}
 k - a scroll of blinking {unknown}


   Skills:
 + Level 2.5 Dodging
 - Level 1.5 Stealth
 + Level 2.4 Spellcasting
 + Level 2.0 Conjurations
 + Level 4.0 Alchemy


You had 6 spell levels left.
You knew the following spells:

 Your Spells              Type           Power      Damage    Failure   Level
a - Sting                 Conj/Alch      44%        1d5       9%          1

Your spell library contained the following spells:

 Spells                   Type           Power      Damage    Failure   Level
 Mercury Vapours          Alch/Air       16%        N/A       19%         2
 Sandblast                Erth           2%         2d4       28%         1
 Mephitic Cloud           Conj/Alch/Air  8%         N/A       36%         3
 Stone Arrow              Conj/Erth      10%        3d7       50%         3
 Olgreb's Toxic Radiance  Alch           14%        N/A       50%         4
 Passwall                 Erth           1%         N/A       65%         3
 Sticky Flame             Fire/Alch      8%         2d4       77%         4
 Brom's Barrelling Bould  Conj/Erth      5%         2d3       88%         4


Dungeon Overview and Level Annotations

Branches:
Dungeon (2/15)

Altars:


Innate Abilities, Weirdness & Mutations

You can wield a second weapon in your off-hand.
It takes a long time for you to wield or remove held weapons.
Your first few attacks do less damage.
You cannot equip rings or amulets.


Message History

* * * LOW HITPOINT WARNING * * *
You feel sick. The adder barely misses you.
Unknown command.
Casting: Sting (safe; 10% risk of failure)
Confirm with . or Enter, or press ? or * to list all spells.
Aiming: Sting (safe; 10% risk of failure)
Press: ? - help, Shift-Dir - straight line, f/p - adder
Aim: an adder (severely wounded, 53% to hit)
You miscast Sting.
You are very lightly contaminated with residual magic.
Nothing appears to happen.
* * * LOW HITPOINT WARNING * * *
You feel sick. The adder barely misses you.
Casting: Sting (safe; 10% risk of failure)
Confirm with . or Enter, or press ? or * to list all spells.
Aiming: Sting (safe; 10% risk of failure)
Press: ? - help, Shift-Dir - straight line, f/p - adder
Aim: an adder (severely wounded, 53% to hit)
The sting misses the adder.
* * * LOW HITPOINT WARNING * * *
You feel sick. The adder barely misses you. The adder bites you.
* * * LOW HITPOINT WARNING * * *
Casting: Sting (safe; 10% risk of failure)
Confirm with . or Enter, or press ? or * to list all spells.
Aiming: Sting (safe; 10% risk of failure)
Press: ? - help, Shift-Dir - straight line, f/p - adder
Aim: an adder (severely wounded, 53% to hit)
The sting hits the adder.
The adder is poisoned.
You kill the adder!
* * * LOW HITPOINT WARNING * * *
You feel sick.
You feel your intelligence returning.
Your Conjurations skill increases to level 2!
Your Alchemy skill increases to level 4!
Unknown command.
You aren't carrying any potions.
As you read the scroll labelled UVOKUF QE UPREL, it crumbles to dust.
It is a scroll of identify.
h - a scroll of poison You die...

######### # #...#...#######
########...#.........###
.##........#....[....<..
.##.............@)...## #.#
.''.)..................).>#
.##...................###.#
.##.............#####.# #.#
##..............# #.# #.#
.....############ #.# #.#
##.##....#####.###
#.###.###
#...####..##...#.#
#.......#
..#..........##.##
#.###.###


There were no monsters in sight!

Vanquished Creatures
  3 adders (D:2)
  2 dart slugs (D:1)
  A ribbon worm (D:2)
  7 ball pythons
  4 bats (D:1)
  2 endoplasms
  A giant cockroach (D:1)
  4 goblins (D:1)
  3 hobgoblins (D:1)
  7 jackals
  2 quokkas
  4 frilled lizards
  5 kobolds
  9 rats
54 creatures vanquished.

Notes
Turn   | Place    | Note
-------+----------+-------------------------------------------
     0 | D:1      | Shayle the Coglin Alchemist began the quest for the Orb.
     0 | D:1      | Reached XP level 1. HP: 13/13 MP: 3/3
   202 | D:1      | Reached skill level 1 in Conjurations
   272 | D:1      | Reached XP level 2. HP: 19/19 MP: 2/4
   612 | D:1      | Reached XP level 3. HP: 24/24 MP: 6/6
  1291 | D:2      | Reached XP level 4. HP: 20/30 MP: 3/7
  1511 | D:2      | Found a faded altar of an unknown god.
  1750 | D:2      | HP: 1/30 [poisoned by an adder]
  1751 | D:2      | Reached skill level 4 in Alchemy
  1751 | D:2      | Succumbed to an adder's poison

Illustrated notes

Levels and vault maps discovered:
D:1:      amcnicky_arrival_choice, layout_basic, minmay_heptomino_d4
D:2:      wad_crossroads, layout_basic,
          dreamdust_ecumenical_altar_angels_and_demons

Skill      XL: |  1  2  3  4 |
---------------+-------------+-----
Conjurations   | 1 2 |  2.0
Dodging        | 2 |  2.5
Spellcasting   | 2 |  2.4
Alchemy        | 4 |  4.0
Stealth        | |  1.5

Action                     |  1- 3 |  4- 6 || total
---------------------------+-------+-------++-------
  Melee: Unarmed           |     6 |       ||     6
         Dagger            |   102 |    36 ||   138
         Whip              |    96 |     4 ||   100
         War axe           |       |    28 ||    28
   Cast: Sting             |    14 |     4 ||    18
    Use: Potion            |     4 |     1 ||     5
         Scroll            |       |     1 ||     1
   Stab: Sleeping          |     3 |     2 ||     5
         Distracted        |     1 |       ||     1
 Armour: Robe              |    26 |       ||    26
         Leather armour    |    59 |    31 ||    90
  Dodge: Dodged            |    77 |    24 ||   101

Table legend: (Time is in decaauts)
 A = Elapsed time spent in this place.
 B = Non-inter-level travel time spent in this place.
 C = Inter-level travel time spent in this place.
 D = Time resting spent in this place.
 E = Time spent auto-exploring this place.
 F = Levels seen in this place.
 G = Mean time per level.
                   A        B        C        D        E       F      G
               +--------+--------+--------+--------+--------+-----+--------+
         Total |   1766 |   1752 |     14 |    117 |    937 |   2 |  883.0 |
       Dungeon |   1766 |   1752 |     14 |    117 |    937 |   2 |  883.0 |
               +--------+--------+--------+--------+--------+-----+--------+

Top non-repeatable levels by time:
     D:1: 1045 daAuts
     D:2: 720 daAuts
